 Dungeon Crawl Stone Soup version 0.21.1-1-g345015f (webtiles) character file.

241 prawnwizard the Firebug (level 5, -6/28 HPs)
             Began as a Deep Elf Fire Elementalist on July 3, 2018.
             Mangled by NewPlayer's ghost (17 damage)
             ... on level 3 of the Dungeon.
             The game lasted 00:07:47 (2905 turns).

prawnwizard the Firebug (DEFE)                      Turns: 2905, Time: 00:07:47

Health: -6/28      AC:  3    Str:  5    XL:     5   Next: 80%
Magic:  13/13      EV: 14    Int: 21    God:
Gold:   47         SH:  0    Dex: 15    Spells: 5/12 levels left

rFire    . . .     SeeInvis .   (no weapon)
rCold    . . .     Gourm    .   (no shield)
rNeg     . . .     Faith    .   a - +0 robe
rPois    .         Spirit   .   (no helmet)
rElec    .         Reflect  .   (no cloak)
rCorr    .         Harm     .   k - +0 pair of gloves
MR       .....                  (no boots)
Stlth    ++........             (no amulet)
HPRegen  0.09/turn              (no ring)
MPRegen  0.13/turn              (no ring)

@: no status effects
A: no striking features
a: no special abilities


You were on level 3 of the Dungeon.
You were not hungry.

You visited 1 branch of the dungeon, and saw 3 of its levels.

You collected 47 gold pieces.

Inventory:

Armour
 a - a +0 robe (worn)
 k - a +0 pair of gloves (worn)
Scrolls
 e - 2 scrolls of identify {unknown}
 f - 3 scrolls of remove curse {unknown}
 g - a scroll of random uselessness {unknown}
 h - a scroll of blinking {unknown}
 j - a scroll of teleportation {unknown}
Potions
 i - a potion of flight {unknown}
Books
 b - a book of Flames

   Spells                             Type                      Level
   a - Flame Tongue                   Conjuration/Fire             1
   b - Throw Flame                    Conjuration/Fire             2
   c - Conjure Flame                  Conjuration/Fire             3
   d - Inner Flame                    Hexes/Fire                   3
   e - Sticky Flame                   Conjuration/Fire             4
   f - Fireball                       Conjuration/Fire             5
Comestibles
 c - 9 rations
 d - 4 chunks of flesh


   Skills:
 + Level 3.7 Dodging
 - Level 2.4 Stealth
 + Level 4.3 Spellcasting
 * Level 3.5 Conjurations
 * Level 5.0 Fire Magic


You had 5 spell levels left.
You knew the following spells:

 Your Spells              Type           Power        Failure   Level  Hunger
a - Flame Tongue          Conj/Fire      ###..        1%          1    None
b - Throw Flame           Conj/Fire      ###...       3%          2    #......
c - Sticky Flame          Conj/Fire      ###.....     19%         4    ####...


Dungeon Overview and Level Annotations

Branches:
Dungeon (3/15)

Altars:

Annotations:
D:3 NewPlayer's ghost, amateur OgFi


Message History

The flame tongue hits NewPlayer's ghost.
NewPlayer's ghost is moderately damaged.
NewPlayer's ghost hits you!
Casting: Flame Tongue
Confirm with . or Enter, or press ? or * to list all spells.
Aiming: Flame Tongue
Press: ? - help, Shift-Dir - straight line, f/p - NewPlayer's ghost
Aim: NewPlayer's ghost (moderately damaged)
The flame tongue hits NewPlayer's ghost.
NewPlayer's ghost is heavily damaged.
NewPlayer's ghost hits you!
Ouch! That really hurt!
* * * LOW HITPOINT WARNING * * *
NewPlayer's ghost keens inconsolably.
NewPlayer's ghost whispers, "They're coming for you..."
Some of the chunks of flesh in your inventory have rotted away.
NewPlayer's ghost says, "What do you have that I didn't have?"
NewPlayer's ghost hits you!
Ouch! That really hurt!
You die...

....... #.#######
#.### ####### #.#
#.# #.# #.# #.#
#.# #.# #.# #.#
#.# #.# #.# #W#
#.# ♣ #@# #.# .
#.# #.# ♣
#####.###### #.# ♣
#..........# #.#
#####.####.####.#
### ### #### #.#
#......#
#.###.###..# #.#
########
##..........# #.#
.......#########.#


You could see NewPlayer's ghost.

Vanquished Creatures
  A phantom (D:3)
  5 adders (D:2)
  4 oozes
  3 worms
  3 dart slugs
  2 leopard geckos
  5 bats
  4 giant cockroaches
  13 goblins
  9 hobgoblins
  3 jackals (D:3)
  A frilled lizard (D:2)
  5 kobolds
  12 rats
70 creatures vanquished.

Notes
Turn   | Place    | Note
-------+----------+-------------------------------------------
     0 | D:1      | prawnwizard the Deep Elf Fire Elementalist began the quest for the Orb.
     0 | D:1      | Reached XP level 1. HP: 10/10 MP: 6/6
   190 | D:1      | Reached XP level 2. HP: 15/15 MP: 5/8
   597 | D:1      | Reached XP level 3. HP: 19/19 MP: 6/9
  1128 | D:1      | Learned a level 2 spell: Throw Flame
  1242 | D:2      | Reached skill level 4 in Fire Magic
  1498 | D:2      | Reached XP level 4. HP: 24/24 MP: 9/11
  2462 | D:3      | Noticed NewPlayer's ghost (amateur OgFi)
  2589 | D:3      | Noticed a phantom
  2600 | D:3      | Killed a phantom
  2600 | D:3      | Reached skill level 5 in Fire Magic
  2600 | D:3      | Reached XP level 5. HP: 27/28 MP: 6/13
  2606 | D:3      | Learned a level 4 spell: Sticky Flame
  2905 | D:3      | Mangled by NewPlayer's ghost

Skill      XL: |  1  2  3  4 |
---------------+-------------+-----
Conjurations   | 2 3 |  3.5
Dodging        | 3 |  3.7
Fire Magic     | 4 5 |  5.0
Spellcasting   | 4 |  4.3
Stealth        | |  2.4

Action                   |  1- 3 |  4- 6 || total
-------------------------+-------+-------++-------
 Cast: Flame Tongue      |    58 |    69 ||   127
       Throw Flame       |     4 |     3 ||     7
  Eat: Chunk             |     2 |     4 ||     6
Armor: Robe              |     1 |     2 ||     3
Dodge: Dodged            |    17 |    22 ||    39
